 Dungeon Crawl Stone Soup version 0.14-a0-2080-ge317583 (webtiles) character file.

10688 Faustar the Hoplite (level 11, 0/104 HPs)
             Began as a Minotaur Fighter on Jan 24, 2014.
             Was a High Priest of Okawaru.
             Succumbed to a soldier ant's poison
             ... on Level 10 of the Dungeon.
             The game lasted 00:53:46 (13267 turns).

Faustar the Hoplite (Minotaur Fighter)             Turns: 13267, Time: 00:53:46

HP   0/104       AC 13     Str 23      XL: 11   Next: 32%
MP  10/14        EV  9     Int  6      God: Okawaru [*****.]
Gold 548         SH 29     Dex 10      Spells:  0 memorised, 10 levels left

rFire  + + .     SeeInvis +     z - -1,+1 orc hand axe (curse)
rCold  + . .     Clarity  .     b - +0 scale mail
rNeg   . . .     Conserve .     c - -1 shield
rPois  +         rCorr    .     (helmet restricted)
rElec  +         rRot     .     (no cloak)
SustAb . .       Spirit   .     k - +0 pair of orc gloves
rMut   .         Warding  .     B - +0 pair of boots
Saprov . . .     Stasis   .     (no amulet)
MR     .....                    C - ring of see invisible
                                x - cursed ring of protection from fire

@: quite poisoned, very slightly contaminated, hasted, heroism, finesse, very
quick, not resistant to hostile enchantments, very unstealthy
A: retaliatory headbutt, horns 2, breathe flames 1
a: Heroism, Finesse, Renounce Religion, Breathe Fire


You were on level 10 of the Dungeon.
You worshipped Okawaru.
Okawaru was extremely pleased with you.
You were not hungry.

You visited 2 branches of the dungeon, and saw 11 of its levels.

You collected 548 gold pieces.

Inventory:

Hand weapons
 a - a +1,-4 hand axe
 z - a cursed -1,+1 orcish hand axe (weapon)
Armour
 b - a +0 scale mail (worn)
 c - a -1 shield (worn)
 k - a +0 pair of orcish gloves (worn)
 B - a +0 pair of boots (worn)
Magical devices
 j - a wand of disintegration (0)
 G - a wand of magic darts (7)
 H - a wand of flame (3)
Comestibles
 d - 12 bread rations
 m - 6 meat rations
 o - 4 rotting chunks of orc flesh
 r - 6 beef jerkies
 v - 3 chunks of gnoll flesh
 F - 2 pears
Scrolls
 e - 2 scrolls of enchant weapon I
 h - a scroll of teleportation
 i - 6 scrolls of identify
 l - a scroll of blinking
 n - a scroll of recharging
 p - 2 scrolls of remove curse
 q - a scroll of curse weapon {unknown}
 s - a scroll of fog {unknown}
 w - a scroll of amnesia
 y - a scroll of enchant armour
 A - a scroll of fear
 E - a scroll of silence {unknown}
Jewellery
 u - an uncursed ring of fire
 x - a cursed ring of protection from fire (left hand)
 C - a ring of see invisible (right hand)
Potions
 g - a potion of agility
Books
 D - a book of Enchantments

   Spells                             Type                      Level
   Cause Fear                         Hexes                        4
   Silence                            Hexes/Air                    5
   Tukima's Dance                     Hexes                        5
   Deflect Missiles                   Charms/Air                   6
   Haste                              Charms                       6
   Discord                            Hexes                        8


   Skills:
 - Level 11.7(16.7) Fighting
 - Level 7.0(12.0) Axes
 - Level 9.4(14.4) Armour
 - Level 13.1(18.1) Shields
 + Level 5.3 Invocations


You had 10 spell levels left.
You didn't know any spells.

Dungeon Overview and Level Annotations

Branches:
Dungeon (10/16)            Temple (0/1) D:7             Orc (0/4) D:9
   Lair (1/8) D:10

Altars:
Cheibriados
Okawaru
Trog
Vehumet
Zin
Jiyva

Shops:
D:6 (}=   D:10 *

Annotations:
D:3 Sigmund


Innate Abilities, Weirdness & Mutations

You reflexively headbutt those who attack you in melee.
You have a pair of horns on your head.
You can breathe flames.


Message History

You feel sick.
* * * LOW HITPOINT WARNING * * *
You feel sick.
* * * LOW HITPOINT WARNING * * *
You feel sick.
* * * LOW HITPOINT WARNING * * *
You feel sick.
Things that are here:
a worker ant corpse Butcher a worker ant corpse? [(y)es/(c)hop/(n)o/(a)ll/(q)uit/?]
Okay, then.
* * * LOW HITPOINT WARNING * * *
You feel sick.
* * * LOW HITPOINT WARNING * * *
You feel sick.
Drink which item? (? for menu, Esc to quit)
Okay, then.
Eat one of 4 chunks of gnoll flesh? (ye/n/q/i?) This raw flesh tastes terrible.
You die...

#######.# ##...)......< #.#
#.#.#.#..### ##.## #.......####
.... ...#.#.#..... ###.#####
##.......#### #.......#######
##...#### . #...............
...##
....#∩......#####################
.a.g...........%@.....)))).......
....######.######################
g.. #.# .. ..# # ..#. ... . .#..
.. ....# C. ... .#.


There were no monsters in sight!

Vanquished Creatures
  A centaur warrior (D:10)
  An unseen horror (D:10)
  Pikel (D:6)
  3 spiny frogs
  A fire drake (D:10)
  3 slime creatures (D:8)
  A hill giant zombie (D:9)
  2 wyverns
  A hungry ghost (D:8)
  3 hippogriffs
  Menkaure (D:7)
  2 necrophages
  4 soldier ants (D:10)
  A porcupine (Lair:1)
  2 phantoms
  2 black bears (D:7)
  4 orc warriors
  A sky beast (D:7)
  3 ice beasts
  4 slaves (D:6)
  8 ogres
  3 centaurs
  Duvessa (D:9)
  2 gnoll sergeants (D:10)
  A crocodile (D:10)
  6 giant frogs
  An agate snail (Lair:1)
  A water moccasin (D:6)
  A yak skeleton (D:8)
  4 jellies
  Dowan (D:9)
  5 crimson imps
  4 goliath beetles
  2 iguanas
  2 quasits
  3 scorpions
  5 hounds
  21 worker ants
  A centaur skeleton (D:9)
  13 orc wizards
  3 orc priests
  An ogre zombie (D:5)
  A crocodile zombie (D:9)
  2 hound zombies
  A crocodile skeleton (D:9)
  A mummy (D:6)
  9 gnolls (D:10)
  14 adders
  3 giant centipedes
  A giant mite (D:4)
  6 worms
  2 giant eyeballs
  6 giant geckos
  6 oozes
  35 orcs
  7 giant cockroaches
  12 hobgoblins
  6 jackals
  16 kobolds
  4 quokkas
  14 bats
  6 giant newts
  16 goblins
  A kobold skeleton (D:5)
  An orc skeleton (D:8)
  19 rats
  A rat zombie (D:5)
  A ballistomycete (D:9)
321 creatures vanquished.

Vanquished Creatures (others)
  A worker ant (D:9)
  3 giant spores (D:9)
  2 ballistomycetes (D:9)
6 creatures vanquished.

Grand Total: 327 creatures vanquished

Notes
Turn   | Place    | Note
--------------------------------------------------------------
     0 | D:1      | Faustar, the Minotaur Fighter, began the quest for the Orb.
     0 | D:1      | Reached XP level 1. HP: 19/19 MP: 1/1
    78 | D:1      | Reached skill level 4 in Fighting
   109 | D:1      | Reached XP level 2. HP: 24/27 MP: 1/1
   624 | D:2      | Reached skill level 5 in Fighting
   624 | D:2      | Reached XP level 3. HP: 27/36 MP: 2/2
   766 | D:2      | Found a viscous altar of Jiyva.
   947 | D:2      | Reached XP level 4. HP: 36/44 MP: 2/2
   957 | D:2      | Reached skill level 6 in Fighting
  1787 | D:3      | Found an iron altar of Okawaru.
  2204 | D:3      | Noticed Sigmund
  2374 | D:3      | Became a worshipper of Warmaster Okawaru
  2443 | D:4      | Reached XP level 5. HP: 40/51 MP: 2/2
  2493 | D:4      | Noticed an ogre
  2538 | D:4      | Killed an ogre
  2544 | D:4      | Reached skill level 5 in Axes
  2735 | D:3      | HP: 2/51 [poisoned by a scorpion]
  3045 | D:4      | Reached XP level 6. HP: 53/58 MP: 3/3
  3267 | D:4      | Acquired Okawaru's first power
  3455 | D:4      | Found a bloodstained altar of Trog.
  3556 | D:4      | Found a snail-covered altar of Cheibriados.
  3707 | D:4      | Noticed an ogre
  3721 | D:4      | Killed an ogre
  3721 | D:4      | Reached skill level 7 in Axes
  3874 | D:5      | Entered Level 5 of the Dungeon
  3893 | D:5      | Reached XP level 7. HP: 55/64 MP: 3/3
  4174 | D:5      | Reached skill level 5 in Shields
  4355 | D:5      | Found a radiant altar of Vehumet.
  5111 | D:6      | Reached XP level 8. HP: 43/71 MP: 1/3
  5116 | D:6      | Reached skill level 8 in Shields
  5354 | D:6      | Found Quutawkank's Gadget Emporium.
  5389 | D:6      | Found a glowing silver altar of Zin.
  5613 | D:6      | Reached skill level 9 in Shields
  5618 | D:6      | Found Vayjas' Jewellery Shop.
  5722 | D:6      | Noticed Pikel
  5895 | D:6      | Found Belirch Paigh's Antique Weapon Emporium.
  6014 | D:6      | Reached skill level 10 in Shields
  6448 | D:6      | Killed Pikel
  6448 | D:6      | Reached skill level 11 in Shields
  6448 | D:6      | Reached XP level 9. HP: 68/78 MP: 2/4
  6536 | D:7      | Noticed Menkaure
  6547 | D:7      | Killed Menkaure
  6863 | D:7      | Reached skill level 12 in Shields
  6992 | D:7      | Paralysed by a giant eyeball for 2 turns
  7244 | D:7      | Reached skill level 13 in Shields
  7364 | D:7      | Found a staircase to the Ecumenical Temple.
  7488 | D:7      | Reached skill level 5 in Armour
  8684 | D:8      | Reached XP level 10. HP: 29/84 MP: 3/4
  9180 | D:9      | Paralysed by a giant eyeball for 2 turns
  9407 | D:9      | Gained mutation: You can breathe flames. [potion of beneficial mutation]
 10039 | D:9      | Noticed Duvessa
 10066 | D:9      | Killed Duvessa
 10253 | D:9      | Noticed Dowan
 10257 | D:9      | Found a staircase to the Orcish Mines.
 10263 | D:9      | Killed Dowan
 10912 | D:10     | Entered Level 10 of the Dungeon
 10912 | D:10     | Noticed a centaur warrior
 10925 | D:10     | Killed a centaur warrior
 10925 | D:10     | Acquired Okawaru's second power
 10925 | D:10     | Reached skill level 10 in Fighting
 11031 | D:10     | Found a staircase to the Lair.
 11122 | D:10     | Killed an unseen horror
 11127 | D:10     | Reached XP level 11. HP: 43/103 MP: 4/4
 11418 | Lair:1   | Entered Level 1 of the Lair of Beasts
 11436 | D:10     | Reached skill level 1 in Invocations
 12145 | Lair:1   | Noticed a seven-headed hydra
 12172 | Lair:1   | HP: 5/104 [seven-headed hydra (6)]
 12185 | Lair:1   | HP: 4/104 [seven-headed hydra (4)]
 13031 | D:10     | Found Zedov's General Store.
 13098 | D:10     | Noticed a hill giant
 13220 | D:10     | Reached skill level 5 in Invocations
 13261 | D:10     | HP: 5/104 [poisoned by a soldier ant]
 13265 | D:10     | HP: 2/104 [poisoned by a soldier ant]
 13267 | D:10     | Succumbed to a soldier ant's poison

Action                   |  1- 3 |  4- 6 |  7- 9 | 10-12 || total
-------------------------+-------+-------+-------+-------++-------
Melee: Hand axe          |    99 |   185 |   553 |   665 ||  1502
Invok: Heroism           |       |       |     9 |    15 ||    24
       Finesse           |       |       |       |     2 ||     2
 Abil: Breathe Fire      |       |       |       |     7 ||     7
Evoke: Wand              |       |       |       |    11 ||    11
  Use: Potion            |       |     7 |     3 |    10 ||    20
       Scroll            |       |       |    11 |     7 ||    18
